[Event "Live Chess"]
[Site "Chess.com"]
[Date "2024.06.01"]
[Round "-"]
[White "hapehansen"]
[Black "DJ_Lambton"]
[Result "1-0"]
[WhiteElo "2245"]
[BlackElo "1774"]
[TimeControl "300"]
[EndTime "10:24:46 PDT"]
[Termination "hapehansen won by resignation"]

1. Nf3 c6 2. g3 d5 3. Bg2 Nf6 4. O-O Bf5 5. c4 e6 6. Qb3 Qb6 7. d3 Be7 8. Be3 Qxb3 9. axb3 Nbd7 10. Rxa7 Rxa7 11. Bxa7 b6 12. Nc3 O-O 13. Nd4 Ra8 14.
Nxc6 Bf8 15. Nb5 dxc4 16. bxc4 Rc8 17. Ra1 Ne8 18. Ra6 Nc7 19. Nxc7 Rxc7 20. Bxb6 Nxb6 21.
Rxb6 Ra7 22. Nxa7 1-0

[Event "Live Chess"]
[Site "Chess.com"]
[Date "2024.06.01"]
[Round "-"]
[White "Inglaterra"]
[Black "SavagePawn7"]
[Result "1-0"]
[WhiteElo "2036"]
[BlackElo "684"]
[TimeControl "300"]
[EndTime "10:24:51 PDT"]
[Termination "Inglaterra won by resignation"]

1. e4 d5 2. exd5 Nf6 3. Nf3 Nxd5 4. d4 e6 5. Be2 Nc6 6. O-O Bd6 7. c4 Nf6 8. Nc3 O-O 9. Bg5 h6 10. Bh4 g5 11. Bg3 Bxg3 12. hxg3 Re8 13. Re1 e5 14.
d5 Ne7 15. Nxe5 Ng6 16. Nxg6 fxg6 17. Bd3 Kg7 18. Qc2 Rxe1+ 19. Rxe1 Bf5 20. Bxf5 gxf5 21. Qxf5 Qh8 22. Re7+ Kf8 23. Qe6 Qg8 24. Qxf6+ 1-0

[Event "Live Chess"]
[Site "Chess.com"]
[Date "2024.06.01"]
[Round "-"]
[White "Enhard"]
[Black "Ksenia_2013"]
[Result "1-0"]
[WhiteElo "1413"]
[BlackElo "780"]
[TimeControl "300"]
[EndTime "10:24:55 PDT"]
[Termination "Enhard won by checkmate"]

1. d4 d5 2. c4 Nc6 3. e3 dxc4 4. Bxc4 Na5 5. Be2 Nf6 6. Nf3 Ne4 7. Nbd2 Nxd2 8. Bxd2 Nc6 9. O-O e5 10. Bc3 Qf6 11.
dxe5 Qg6 12. Nh4 Qg5 13. g3 Qxe5 14. Bxe5 Nxe5 15. Qa4+ Bd7 16. Qe4 Bd6 17. Qxb7 O-O 18. Qb3 Rab8 19. Qc3 Bb4 20. Qxe5 Rfe8 21. Qd4 c5 22.
Qxd7 Red8 23. Qg4 h5 24. Qg5 f6 25. Qg6 c4 26. Nf5 Rd7 27. Bxc4+ Kh8 28. Qxh5# 1-0

[Event "Live Chess"]
[Site "Chess.com"]
[Date "2024.06.01"]
[Round "-"]
[White "lyricalschemes"]
[Black "Dhaydon19"]
[Result "1/2-1/2"]
[WhiteElo "2298"]
[BlackElo "2681"]
[TimeControl "300"]
[EndTime "10:25:00 PDT"]
[Termination "Game drawn by repetition"]

1. e4 b6 2. Nc3 Bb7 3. d4 e6 4. Bd3 Bb4 5. Ne2 c5 6. dxc5 bxc5 7. O-O Ne7 8. a3 Ba5 9. Ng3 O-O 10. e5 Ng6 11.
Re1 Nc6 12. Bxg6 fxg6 13. Qd6 Qe7 14. Be3 Qxd6 15. exd6 Nd4 16. Rac1 Rac8 17. Red1 Nf5 18. Nxf5 Rxf5 19. Nb5 Bb6 20. c4 Bc6 21. Nc3 h6 22. b4 cxb4 23. axb4 Bxe3 24. fxe3 Rcf8 25. Rd2 a6 26. h3 Rb8 27. Rb2 Re5 28. Kf2 Rf8+ 29. Kg1 Rxe3 30. b5 axb5 31. cxb5 Bb7 32. Na4 Rb8 33.
Nc5 Ba8 34. Nxd7 Rd8 35. Nb6 Be4 36. d7 Kf8 37. Rc8 Ke7 38. Rxd8 Kxd8 39. Rf2 Rd3 40. Rf8+ Kc7 41. Rc8+ Kb7 42. d8=Q Rxd8 43. Rxd8 Kxb6 44.
Rg8 Kxb5 45. Rxg7 h5 46. Kf2 Kc4 47. g4 hxg4 48. hxg4 Kd4 49. Kg3 e5 50. Re7 Bd3 51. Kh4 e4 52. Kg3 e3 53. Kf3 e2 54. Rxe2 Bxe2+ 55. Kxe2 Ke4 56. Ke1 g5 57. Ke2 Kf4 58. Kf2 Ke4 59.
Ke2 Kf4 60. Kf2 Kxg4 61. Kg2 Kf4 62. Kf2 g4 63. Kg2 Kf5 64. Kg3 Kg5 65. Kg2 Kh4 66. Kh2 Kh5 67. Kg3 Kg5 68. Kg2 Kf4 69. Kf2 Kf5 70. Kg3 Kg5 1/2-1/2

[Event "Live Chess"]
[Site "Chess.com"]
[Date "2024.06.01"]
[Round "-"]
[White "WilliamofOrange16th"]
[Black "Crowded_House"]
[Result "0-1"]
[WhiteElo "1949"]
[BlackElo "1751"]
[TimeControl "300"]
[EndTime "10:25:05 PDT"]
[Termination "Crowded_House won on time"]

1. e4 e6 2. f4 d5 3. e5 c5 4. c3 Nc6 5. Nf3 Qb6 6. Na3 a6 7.
Nc2 Nge7 8. Be2 Ng6 9. d4 Bd7 10.
O-O Be7 11. Kh1 O-O 12. a3 Rfc8 13. b4 cxd4 14. cxd4 Na7 15. Bd2 Bb5 16. Ne3 Bxe2 17. Qxe2 Nxf4 18. Qf2 Ng6 19. h4 Nb5 20. Ng4 Rc2 21.
g3 Rac8 22. h5 Nh8 23. Qe3 Qc6 24. h6 Nc3 25. hxg7 Ne4 26. gxh8=Q+ Kxh8 27. Rg1 Rg8 28. Nf6 Bxf6 29. exf6 Nxf6 30. Ng5 Rg7 31. Raf1 Kg8 32. Rxf6 Qd6 33. Kh2 Qe7 34. Rgf1 Rc7 35. Kh3 Qd6 36. Qf4 Qxf4 37. Bxf4 Rd7 38. Nf3 Rg6 39. Rxg6+ hxg6 40.
Ne5 Re7 41. Bg5 Re8 42. Rxf7 Rc8 43. Bf6 Rc3 44. Rg7+ Kf8 45. Nxg6+ Ke8 46. Re7+ Kd8 47. Rxb7+ Kc8 48. Rb6 Rxa3 49. Rxe6 Ra4 50. Rb6 Kc7 51. Re6 Rxb4 52. Be5+ Kd7 53. Rd6+ Kc8 54. Rxa6 Rb7 55. Nf4 Rh7+ 56. Kg4 Rh8 57. Kf3 Rg8 58. Ra8+ Kd7 59. Rxg8 Ke7 60. Rg6 Kf7 61. Rf6+ Ke8 62. Ng6 Kd7 63.
Rd6+ Kc7 64. g4 Kb7 65. g5 Ka7 66. Ne7 Kb7 0-1

[Event "Live Chess"]
[Site "Chess.com"]
[Date "2024.06.01"]
[Round "-"]
[White "SvitlanaJ"]
[Black "MellowAesthetic"]
[Result "0-1"]
[WhiteElo "593"]
[BlackElo "2067"]
[TimeControl "300"]
[EndTime "10:25:06 PDT"]
[Termination "MellowAesthetic won on time"]

1. e4 c5 2. d4 cxd4 3. Qxd4 Nc6 4. Qe3 g6 5. Nc3 Bg7 6. Nf3 Nf6 7. Bb5 O-O 8. Bc4 d6 9. O-O Bg4 10. Bd2 Bxf3 11.
Qxf3 Ne5 12. Qe2 Nxc4 13. Qxc4 Rc8 14. Qe2 Qb6 15. Be3 Qxb2 16. Nd5 Nxd5 17. exd5 Rxc2 18. Qd3 b6 19. Bd4 Bxd4 20. Qe4 Rxf2 21. Kh1 Re2 22. Qf3 Bf6 23. Rae1 Rxe1 24. Rxe1 Rc8 25. Qg4 Rc1 26. Qe4 Rxe1+ 27. Qxe1 Qa1 28. Qxa1 Bxa1 29. g4 Kg7 30. h4 Kf6 31. a4 Ke5 32. Kg2 Kxd5 33. Kf3 e5 34. h5 f5 35. g5 e4+ 36. Ke3 Ke5 37.
h6 d5 38. Ke2 d4 39. a5 d3+ 40. Ke3 f4+ 41. Kd2 Kd4 0-1

[Event "Live Chess"]
[Site "Chess.com"]
[Date "2024.06.01"]
[Round "-"]
[White "powerchs"]
[Black "McFim"]
[Result "0-1"]
[WhiteElo "1254"]
[BlackElo "1589"]
[TimeControl "300"]
[EndTime "10:25:08 PDT"]
[Termination "McFim won on time"]

1. e4 c6 2. Nf3 d5 3. exd5 cxd5 4.
d4 Nc6 5. Bb5 Bg4 6. O-O Nf6 7. h3 Bxf3 8. Qxf3 e6 9. Bg5 Be7 10.
c4 O-O 11. Nc3 Nxd4 12. Qd3 Nxb5 13. cxb5 Rc8 14. Rac1 Qd7 15. Rfe1 h6 16. Bh4 Rfd8 17. Qe2 Ne8 18. Bxe7 Qxe7 19. Rcd1 Qf6 20. Rd3 Nd6 21. Rf3 Qg6 22. a4 b6 23. Na2 Rc7 24. Nb4 Rb8 25. Nc6 Rbc8 26. Rg3 Qh7 27. Qe5 Nc4 28. Qd4 Rf8 29. Rc3 Qg6 30. Rxc4 dxc4 31. Qxc4 Qf6 32. b3 Rfc8 33. Rc1 a6 34. Rc3 axb5 35. axb5 e5 0-1

[Event "Live Chess"]
[Site "Chess.com"]
[Date "2024.06.01"]
[Round "-"]
[White "road2gm5000"]
[Black "DarranAS"]
[Result "1-0"]
[WhiteElo "1060"]
[BlackElo "1453"]
[TimeControl "300"]
[EndTime "10:25:24 PDT"]
[Termination "road2gm5000 won on time"]

1. e4 e5 2. Nf3 Nc6 3. Bb5 a6 4. Bxc6 dxc6 5. Nc3 Qd6 6. d4 exd4 7. Qxd4 Qxd4 8.
Nxd4 Nf6 9. Bf4 Bd6 10. Bxd6 cxd6 11. f3 O-O 12. O-O-O d5 13. exd5 cxd5 14. Rhe1 Bd7 15. Nb3 Bc6 16. Nd4 Rad8 17. Nxc6 bxc6 18. Re7 Rd7 19. Rde1 Rxe7 20. Rxe7 Re8 21. Rxe8+ Nxe8 22. Kd2 f5 23. Kd3 Kf7 24. Kd4 Ke6 25. Kc5 Kd7 26. Na4 Nd6 27. Nb6+ Kc7 28. Na8+ Kd7 29. Kb6 Nb5 30.
Kxa6 Nd4 31. Nb6+ Kd6 32. c3 Ne2 33. Ka5 Nf4 34. g3 Nd3 35. Na4 Nc1 36. a3 Ne2 37. Kb4 Ng1 38. f4 Nf3 39. h4 Ng1 40. c4 Ne2 41.
cxd5 cxd5 42. Nc3 Nxg3 43. Ka4 Ne4 44. Ne2 Nf6 45. b4 Nd7 46. b5 Kc5 47. Ka5 Nb6 48. a4 g6 49. Ka6 h6 50. a5 Na4 51. b6 Nb2 52. b7 Nc4 53. b8=Q Nxa5 54. Qb5+ 1-0

[Event "Live Chess"]
[Site "Chess.com"]
[Date "2024.06.01"]
[Round "-"]
[White "LL220284LL"]
[Black "f4nomore"]
[Result "1-0"]
[WhiteElo "2582"]
[BlackElo "1207"]
[TimeControl "300"]
[EndTime "10:25:34 PDT"]
[Termination "LL220284LL won by checkmate"]

1. c4 g6 2. g3 Bg7 3. Bg2 d6 4. Nf3 Nf6 5. O-O O-O 6. Nc3 Nbd7 7. d3 c5 8. h4 h5 9. Ng5 Rb8 10. Rb1 a6 11. b4 b5 12. bxc5 Nxc5 13. cxb5 axb5 14. Rxb5 Rxb5 15. Nxb5 Qa5 16. Nd4 Qxa2 17. Nc6 e6 18. Bf4 e5 19. Be3 Bd7 20. Nxe5 dxe5 21.
Bxc5 Re8 22. Re1 Nd5 23. Qa1 Qc2 24. Rc1 Qxe2 25. Bxd5 Be6 26. Nxe6 fxe6 27. Be4 Qd2 28. Be3 Qb4 29. Rb1 Qe7 30. Qa6 Qf7 31. Rb7 Qf8 32. Bxg6 Re7 33. Rxe7 Qxe7 34. Qc8+ Qf8 35. Qxe6+ Kh8 36.
Bxh5 Qf6 37. Qe8+ Kh7 38. Bg4 Qa6 39. Qh5+ Kg8 40. Qe8+ Bf8 41. Be6+ Kg7 42. Qf7+ Kh8 43. Qg8# 1-0

[Event "Live Chess"]
[Site "Chess.com"]
[Date "2024.06.01"]
[Round "-"]
[White "FlyingChessKestrel13"]
[Black "RuslanChessN"]
[Result "1-0"]
[WhiteElo "2104"]
[BlackElo "1960"]
[TimeControl "300"]
[EndTime "10:25:46 PDT"]
[Termination "FlyingChessKestrel13 won on time"]

1. Nf3 d5 2. d4 Bf5 3. Bf4 e6 4.
e3 Bd6 5. Bxd6 Qxd6 6. c3 Nf6 7. Qb3 Nbd7 8. Be2 O-O 9. O-O c5 10. Nbd2 c4 11. Qd1 b5 12. b3 Rfc8 13. bxc4 bxc4 14.
Nh4 Be4 15. f3 Bg6 16. Nxg6 hxg6 17. e4 Qa3 18. Qc2 Rab8 19. Rfb1 Rb6 20. Rxb6 Nxb6 21. Nb1 Qa5 22. a4 Rb8 23. Bd1 Nc8 24. Ra2 Qb6 25.
Na3 a6 26. a5 Qb7 27. Ra1 dxe4 28. Rb1 Qc7 29. Rxb8 Qxb8 30. fxe4 Qf4 31. Bf3 Qe3+ 32.
Kf1 Nd6 33. e5 Nf5 34. exf6 Qh6 35. Nxc4 Qxh2 36. Ke2 gxf6 37. Ne3 Nh4 38. Qe4 g5 39. Qg4 Kg7 40. Qh3 Qg1 41. Nf1 f5 42. g3 Nxf3 43.
Qh5 Qg2+ 44. Ke3 Qxf1 45. Qxf3 Qxf3+ 46. Kxf3 Kf6 47. c4 Ke7 48. c5 Kd7 49. g4 Kc6 50. gxf5 exf5 51. Kg3 Kd5 52. Kf3 f6 53. Kg3 f4+ 54.
Kf3 f5 55. Kf2 g4 56. Kf1 g3 57. Kg2 Ke4 58. c6 f3+ 59. Kxg3 Ke3 60. c7 1-0

[Event "Live Chess"]
[Site "Chess.com"]
[Date "2024.06.01"]
[Round "-"]
[White "MaximKhimchenko"]
[Black "MagnersCarlsberg2870"]
[Result "1-0"]
[WhiteElo "1797"]
[BlackElo "1880"]
[TimeControl "300"]
[EndTime "10:25:50 PDT"]
[Termination "MaximKhimchenko won by resignation"]

1. e4 d5 2. exd5 Nf6 3. d6 cxd6 4. Nf3 g6 5. Be2 Bg7 6. O-O Nc6 7. c3 Bg4 8. d4 h5 9. h3 Bxf3 10. Bxf3 Nd7 11.
Re1 O-O 12. Nd2 Nf6 13. Ne4 Nxe4 14. Bxe4 d5 15. Bf3 e6 16. Bf4 Qb6 17. b3 Ne7 18.
Be5 Nf5 19. g4 hxg4 20. Bxg4 Rac8 21. Bxf5 exf5 22. Bxg7 Kxg7 23. Qd2 Qf6 24. Re5 Rh8 25. Kg2 Qg5+ 26. Qxg5 1-0

[Event "Live Chess"]
[Site "Chess.com"]
[Date "2024.06.01"]
[Round "-"]
[White "Ferrarifan27"]
[Black "nitrofish07"]
[Result "1-0"]
[WhiteElo "2086"]
[BlackElo "2141"]
[TimeControl "300"]
[EndTime "10:26:13 PDT"]
[Termination "Ferrarifan27 won by resignation"]

1. e4 c5 2. Nf3 d6 3. d4 cxd4 4. Nxd4 Nf6 5. Nc3 a6 6. Bg5 e6 7. f4 Be7 8. Qf3 Qc7 9. O-O-O Nbd7 10. g4 h6 11. Bxf6 Bxf6 12. Bg2 Nb6 13. h4 Bd7 14. g5 Bxd4 15. Rxd4 Qc5 16. Rhd1 O-O-O 17. Rxd6 Bc6 18. Rxd8+ Rxd8 19. Rxd8+ Kxd8 20. Qd3+ Kc8 21. Bh3 Qg1+ 22. Nd1 Qh2 23. f5 Bxe4 24. Qxe4 Qxh3 25. fxe6 Qxe6 26. Qxe6+ fxe6 27. gxh6 gxh6 28. Kd2 Nd5 29. Ne3 Nxe3 30. Kxe3 Kd7 31. Ke4 Kd6 32. b4 b5 33. Kd4 e5+ 34. Ke4 Ke6 35. a3 h5 36.
c3 Kf6 37. Kd5 Kf5 38. c4 bxc4 39. Kxc4 e4 40. a4 Kf4 41. b5 e3 42. b6 e2 43. b7 e1=Q 44. b8=Q+ Kg4 45. Qc8+ Kxh4 46. Kd5 Qd2+ 47. Ke4 Qc2+ 48. Qxc2 1-0

[Event "Live Chess"]
[Site "Chess.com"]
[Date "2024.06.01"]
[Round "-"]
[White "yarek"]
[Black "Yarigo"]
[Result "0-1"]
[WhiteElo "1734"]
[BlackElo "2390"]
[TimeControl "300"]
[EndTime "10:26:13 PDT"]
[Termination "Yarigo won by resignation"]

1. e4 e5 2. d4 exd4 3. Qxd4 Nc6 4. Qe3 g6 5. Nc3 Bg7 6. Bd2 Nge7 7. O-O-O d6 8. f4 Be6 9. Nf3 Qd7 10. Bb5 a6 11. Ba4 b5 12. Bb3 Bxb3 13. axb3 O-O 14. Nd5 Nxd5 15. exd5 Ne7 16. Bc3 Bxc3 17. Qxc3 Rac8 18.
h4 h5 19. Ng5 Qf5 20. Qd2 c6 21. dxc6 Nxc6 22. Rhe1 Nd4 23. Qd3 Qxd3 24. Rxd3 Nxc2 0-1

[Event "Live Chess"]
[Site "Chess.com"]
[Date "2024.06.01"]
[Round "-"]
[White "Berdgross"]
[Black "Queensandpawns"]
[Result "0-1"]
[WhiteElo "592"]
[BlackElo "2477"]
[TimeControl "300"]
[EndTime "10:26:23 PDT"]
[Termination "Queensandpawns won by checkmate"]

1. e4 c6 2. d3 d5 3. exd5 cxd5 4. Nf3 Nf6 5. Nc3 e6 6. a3 Nc6 7.
d4 Ne4 8. Nxe4 dxe4 9. Ne5 Nxd4 10. Be3 Qa5+ 11. c3 Qxe5 12. Bxd4 Qd5 13. Bb5+ Qxb5 14. a4 Qd5 15. O-O Bd7 16. b4 a6 17. a5 Bc6 18.
Rb1 e3 19. Bxe3 Qxg2# 0-1

[Event "Live Chess"]
[Site "Chess.com"]
[Date "2024.06.01"]
[Round "-"]
[White "defenderalist"]
[Black "LaupMiths"]
[Result "0-1"]
[WhiteElo "1496"]
[BlackElo "1858"]
[TimeControl "300"]
[EndTime "10:26:29 PDT"]
[Termination "LaupMiths won by resignation"]

1. e4 c6 2. d4 d5 3. Nc3 b5 4. exd5 b4 5. Ne4 cxd5 6. Bb5+ Bd7 7. Bxd7+ Nxd7 8. Ng3 e6 9. Nf3 Ngf6 10. O-O Bd6 11. Bg5 Qc7 12. Ne5 Nxe5 13. dxe5 Bxe5 14. f4 Bxb2 15. Rb1 Bc3 16. f5 O-O 17. fxe6 fxe6 18. Qg4 Nxg4 0-1

[Event "Live Chess"]
[Site "Chess.com"]
[Date "2024.06.01"]
[Round "-"]
[White "bill77678"]
[Black "Nazar-Makarchuk"]
[Result "1-0"]
[WhiteElo "1819"]
[BlackElo "963"]
[TimeControl "300"]
[EndTime "10:26:30 PDT"]
[Termination "bill77678 won by resignation"]

1. e4 d5 2. exd5 Qxd5 3. Nc3 Qd8 4. g3 Nf6 5. Bg2 e6 6. Nf3 Bb4 7. O-O O-O 8. a3 Bxc3 9. bxc3 Nc6 10. d4 e5 11.
Nxe5 Nxe5 12. dxe5 Qxd1 13. Rxd1 Nd7 14. f4 c6 15. Be3 Nb6 16. Rab1 Nc4 17. Bc5 b6 18. Bxf8 Kxf8 19. Bxc6 Rb8 20. Rd4 Nxa3 21. Rbd1 Be6 22.
Rd8+ Rxd8 23. Rxd8+ Ke7 24. Ra8 a5 25. Ra7+ Kd8 26. Rb7 Nc4 27. Bb5 Kc8 28. Ra7 Kb8 29. Re7 Na3 30. Bc6 Nxc2 31. Rb7+ Kc8 32. Rxb6 Ne3 33.
Ra6 Nd1 34. Bf3 Nxc3 35. Rc6+ Kb7 36. Rxc3+ Kb6 37. Be2 a4 38. Kf2 Ka5 39. Rc5+ Kb4 40. Rb5+ Kc3 41. g4 a3 42. f5 Bb3 43. Ra5 a2 44.
Ke3 Kb2 45. Kd4 a1=Q 46. Rxa1 Kxa1 47. Bc4 Bd1 48. h3 h5 49. g5 Bf3 50. Bxf7 h4 51. f6 gxf6 52. gxf6 Bg2 53. e6 Bxh3 54. e7 Bd7 55. e8=Q Bxe8 56. Bxe8 h3 57. Bd7 h2 58. Bc6 1-0

[Event "Live Chess"]
[Site "Chess.com"]
[Date "2024.06.01"]
[Round "-"]
[White "CheckThis4"]
[Black "blunderabit"]
[Result "1-0"]
[WhiteElo "2693"]
[BlackElo "1814"]
[TimeControl "300"]
[EndTime "10:26:37 PDT"]
[Termination "CheckThis4 won on time"]

1. d4 d5 2. Nc3 Nf6 3. e4 dxe4 4. f3 e3 5. Bxe3 c6 6. Bc4 Nbd7 7. Qe2 Nb6 8. Bb3 g6 9. g4 Bg7 10. O-O-O O-O 11.
h4 a5 12. a4 Nbd5 13. h5 Be6 14.
hxg6 fxg6 15. Bh6 Bxh6+ 16. Rxh6 Qd6 17. Nh3 Kg7 18. Rh4 Bg8 19. Ne4 Nxe4 20. fxe4 Nf4 21.
Nxf4 Qxf4+ 22. Kb1 Bxb3 23. cxb3 Qf2 24. Qxf2 Rxf2 25.
g5 Rg2 26. Rf1 Rxg5 27. Rhf4 Re8 28. Rf7+ Kg8 29. Kc2 h5 30. e5 h4 31. e6 c5 32. d5 Rxd5 33. Rg1 g5 34. Rgf1 Re5 35. Kc3 Rxe6 36. R7f5 Rg6 37. Rg1 Kh7 38. Rf7+ Kh6 39.
Kc4 g4 40. Rf4 1-0

[Event "Live Chess"]
[Site "Chess.com"]
[Date "2024.06.01"]
[Round "-"]
[White "SirGerhard"]
[Black "Grace6363"]
[Result "1-0"]
[WhiteElo "2771"]
[BlackElo "1109"]
[TimeControl "300"]
[EndTime "10:26:46 PDT"]
[Termination "SirGerhard won by resignation"]

1. d4 Nf6 2. Bg5 e6 3. e4 Be7 4. Nd2 h6 5. Be3 O-O 6. Bd3 d5 7. e5 Nh7 8. Qg4 Bg5 9. f4 f5 10. Qh5 Be7 11. g4 Qe8 12. Qh3 Qg6 13. gxf5 exf5 14.
Ne2 Qg4 15. Qxg4 fxg4 16. Ng3 Bh4 17. O-O Bxg3 18. hxg3 Bf5 19. Bxf5 Rxf5 20. c4 c6 21.
cxd5 cxd5 22. Rfc1 Nc6 23. Rc5 Rd8 24. Rac1 Nf8 25. Rb5 Rd7 26. Rcc5 Ne6 27. Rxd5 Rxd5 28. Rxd5 Ncxd4 29. Bxd4 Nxd4 30. Rxd4 Kf7 31. Rd7+ Ke6 32.
Rxb7 1-0

[Event "Live Chess"]
[Site "Chess.com"]
[Date "2024.06.01"]
[Round "-"]
[White "kylet1990"]
[Black "DenisOnopriichuk2003"]
[Result "0-1"]
[WhiteElo "724"]
[BlackElo "1827"]
[TimeControl "300"]
[EndTime "10:27:30 PDT"]
[Termination "DenisOnopriichuk2003 won by resignation"]

1. e4 c6 2. Nc3 d5 3. Nf3 dxe4 4.
Nxe4 Nf6 5. Nxf6+ exf6 6. d4 c5 7. Be3 cxd4 8. Bxd4 Nc6 9. Bb5 Qa5+ 10. Bc3 Qxb5 11.
Qe2+ Qxe2+ 12. Kxe2 Bc5 13. Rhf1 Be6 14. b3 O-O-O 15. a3 Bg4 16. b4 Bxf3+ 17. Kxf3 Bb6 18.
b5 Ne5+ 19. Kg3 g5 20. Rfe1 Bc7 21. Kh3 h5 22. Bxe5 fxe5 23. g3 f5 24. a4 h4 25.
Kg2 hxg3 26. hxg3 f4 27. gxf4 gxf4 28. Ra3 Rdg8+ 29. Kf3 Rh3+ 0-1

[Event "Live Chess"]
[Site "Chess.com"]
[Date "2024.06.01"]
[Round "-"]
[White "booktrunk"]
[Black "GEMdzq"]
[Result "0-1"]
[WhiteElo "1401"]
[BlackElo "2313"]
[TimeControl "300"]
[EndTime "10:27:48 PDT"]
[Termination "GEMdzq won by checkmate"]

1. d4 Nf6 2. Bf4 e6 3. Nc3 c5 4. dxc5 Bxc5 5. a3 O-O 6. Nb5 Bxf2+ 7. Kxf2 Qb6+ 8. Nd4 Nc6 9. c3 e5 10. Bxe5 Nxe5 11. e3 Neg4+ 12. Ke2 d5 13. Ngf3 Re8 14. Kd2 Qxb2+ 15. Qc2 Qxc2+ 16. Nxc2 Ne4+ 17. Kc1 Nxc3 18. h3 Nf2 19. Rg1 Bf5 20. Nfd4 Be4 21. g4 Rac8 22. Bg2 Bxc2 23. Nxc2 Ne2+ 24. Kd2 Nxg1 25. Rxg1 Ne4+ 26. Bxe4 dxe4 27. Nd4 g6 28. Rb1 Rc7 29. Nb5 Rd7+ 30. Ke2 b6 31. a4 Rc8 32. Nd4 Kg7 33. h4 Rc4 34. h5 Rcxd4 35. exd4 Rxd4 36. Ra1 gxh5 37. gxh5 f5 38. Ke3 Rd3+ 39. Kf4 Kf6 40. Rc1 Rf3# 0-1

[Event "Live Chess"]
[Site "Chess.com"]
[Date "2024.06.01"]
[Round "-"]
[White "ACM42"]
[Black "matt1979"]
[Result "1-0"]
[WhiteElo "2218"]
[BlackElo "1361"]
[TimeControl "300"]
[EndTime "10:27:55 PDT"]
[Termination "ACM42 won by resignation"]

1. e4 d6 2. d4 Nf6 3. Nc3 Nbd7 4. f4 e5 5. Nf3 exd4 6. Nxd4 c6 7. Be2 Be7 8. Nf5 O-O 9. Nxd6 Bxd6 10. Qxd6 Qb6 11. e5 Ne8 12. Qd3 Nc5 13. Qe3 Bf5 14.
O-O Bxc2 15. Kh1 Rd8 16. f5 Nc7 17. f6 g6 18. Qh6 N5e6 19. Rf3 Bf5 20. Ne4 Qb4 21.
Ng5 Qe1+ 22. Rf1 1-0

[Event "Live Chess"]
[Site "Chess.com"]
[Date "2024.06.01"]
[Round "-"]
[White "PaulHumphreys"]
[Black "degringolade64"]
[Result "0-1"]
[WhiteElo "1374"]
[BlackElo "2073"]
[TimeControl "300"]
[EndTime "10:27:58 PDT"]
[Termination "degringolade64 won on time"]

1. d4 Nf6 2. Nc3 d5 3. Bf4 e6 4. Nb5 Na6 5. e3 Be7 6. Nf3 O-O 7. Bd3 c6 8. Nc3 Nb4 9. Be2 c5 10. a3 Nc6 11. Nb5 Bd7 12. O-O a6 13. Nd6 Qb6 14. dxc5 Qxc5 15. Nxb7 Qb6 16. Nd6 e5 17. Nxe5 Nxe5 18. Bxe5 Bxd6 19. Bd4 Qc7 20. g3 Ne4 21. f4 f5 22. Rc1 Be6 23. Bd3 Bc5 24.
c3 Bxd4 25. cxd4 Qb6 26. b4 Rac8 27. Bxe4 dxe4 28. Rc5 Rxc5 29. dxc5 Qc6 30. Qd4 Qd7 31. Qxd7 Bxd7 32. Rd1 Bb5 33. Rd6 Rc8 34. Kf2 Kf7 35.
h3 Rc6 0-1

[Event "Live Chess"]
[Site "Chess.com"]
[Date "2024.06.01"]
[Round "-"]
[White "updatedopenings2024"]
[Black "KeithArkell"]
[Result "0-1"]
[WhiteElo "1804"]
[BlackElo "2517"]
[TimeControl "300"]
[EndTime "10:28:04 PDT"]
[Termination "KeithArkell won by resignation"]

1. e4 c6 2. d4 d5 3. e5 c5 4. dxc5 Nc6 5. f4 e6 6. Be3 d4 7. Bf2 Bxc5 8. Nd2 Nge7 9. a3 Nd5 10. Bd3 Nxf4 11. Be4 a6 12. Qg4 Ng6 13. Bg3 O-O 14.
Ngf3 f5 15. exf6 Qxf6 16. h4 e5 17. Qh5 Bf5 18. Rf1 Nf4 19. Bxf4 exf4 20. O-O-O g6 21. Qg5 Qxg5 22. Nxg5 h6 23. Bd5+ Kg7 24. Ne6+ Bxe6 25. Bxe6 g5 26. g3 fxg3 27. hxg5 hxg5 28. Rg1 Bd6 29.
Ne4 Bf4+ 30. Kb1 Rae8 31. Bd5 Re5 32. Bxc6 bxc6 33. Nxg3 Bxg3 34. Rxg3 c5 35. c3 dxc3 36. Rxc3 Kg6 37. Rd6+ Rf6 38. Rd8 g4 39. Rg8+ Kf5 40. Rg3 Re4 41. Rc3 c4 42. Rc8 Rg6 43. Rf8+ Kg5 44.
Rh8 Kf4 45. Rf8+ Ke5 46. Re8+ Re6 47. Rg8 Rf6 48. Rg3 Kf5 49. Rg1 Rg6 50. Rf1+ Kg5 51. Rh8 g3 52. Rg1 Kg4 53. Kc2 Rg5 54. Kc3 Rf4 55. Rc8 Kf3 56. Rf1+ Kg4 57. Rxf4+ Kxf4 58. Rxc4+ Kf3 59. Rc6 g2 60. Rf6+ Ke2 61. Rxa6 g1=Q 62. Re6+ Kf3 63. Kb3 Rb5+ 64. Ka2 Qh2 65. Re2 Qxe2 0-1

[Event "Live Chess"]
[Site "Chess.com"]
[Date "2024.06.01"]
[Round "-"]
[White "Dhaydon19"]
[Black "SavagePawn7"]
[Result "1-0"]
[WhiteElo "2681"]
[BlackElo "684"]
[TimeControl "300"]
[EndTime "10:28:06 PDT"]
[Termination "Dhaydon19 won by checkmate"]

1. d4 e5 2. Nf3 exd4 3. Nxd4 Nf6 4.
g3 d5 5. Bg2 Bc5 6. O-O Bxd4 7.
Qxd4 Nc6 8. Qd1 O-O 9. c3 Bf5 10. Nd2 Re8 11. Nb3 b6 12. Bg5 h6 13. Bxf6 Qxf6 14.
Qxd5 Rad8 15. Qxc6 Qxc6 16. Bxc6 Re6 17. Bf3 Bh3 18. Rfd1 Rde8 19. Nd4 Rd6 20. Nb5 Rxd1+ 21. Rxd1 c6 22. Nxa7 Ra8 23. Be4 Rxa7 24. Rd8# 1-0

[Event "Live Chess"]
[Site "Chess.com"]
[Date "2024.06.01"]
[Round "-"]
[White "halfberg"]
[Black "TC2304"]
[Result "1/2-1/2"]
[WhiteElo "1914"]
[BlackElo "2330"]
[TimeControl "300"]
[EndTime "10:28:08 PDT"]
[Termination "Game drawn - timeout vs insufficient material"]

1. e4 Nc6 2. Nf3 d6 3. d4 Nf6 4.
Nc3 g6 5. Bd3 Bg4 6. Be3 e5 7.
d5 Nd4 8. Bxd4 exd4 9. Bb5+ Nd7 10. Qxd4 Rg8 11. Nd2 a6 12. h3 Bg7 13. Qe3 axb5 14.
hxg4 Ne5 15. Nxb5 Nxg4 16. Qb3 c6 17. Nc3 Bd4 18. O-O-O Nxf2 19. Rxh7 Nxd1 20. Nxd1 Qb6 21. dxc6 Qxb3 22. Nxb3 Bb6 23. cxb7 Rb8 24. Nc3 Rxb7 25.
Nd5 Bd8 26. Nd4 Rf8 27. a4 Ra7 28. b3 Ra6 29. Nb5 Kd7 30. Kd2 Bg5+ 31. Kd3 Rc6 32. c4 Ke6 33. Nd4+ Kd7 34. Nxc6 Kxc6 35. b4 Ra8 36. a5 Ra7 37. Kd4 Rd7 38. b5+ Kb7 39. a6+ Ka7 40. Nb4 Kb6 41. Kd5 Re7 42.
Nc6 Re8 43. Rxf7 Be7 44. Rxe7 Rxe7 45. Nxe7 g5 46. Kxd6 g4 47. Nf5 g3 48. Ne3 Ka7 49. Nf5 Kb6 50. Nxg3 Ka7 51. Nf5 Kb6 52. e5 Ka7 53. e6 Kb6 54. e7 Ka5 55. e8=Q Kb4 56.
a7 Kc3 57. a8=Q Kb4 58. Qd5 Kc3 59. Qe3+ Kb4 60. Qdd2+ Ka4 1/2-1/2

[Event "Live Chess"]
[Site "Chess.com"]
[Date "2024.06.01"]
[Round "-"]
[White "CarmelJane"]
[Black "MaximKhimchenko"]
[Result "1-0"]
[WhiteElo "2106"]
[BlackElo "1794"]
[TimeControl "300"]
[EndTime "10:28:08 PDT"]
[Termination "CarmelJane won by resignation"]

1. e4 g6 2. d4 c5 3. c3 cxd4 4.
cxd4 Bg7 5. Nf3 a6 6. Nc3 b5 7. a3 Bb7 8. Bd3 Qb6 9. Be3 Qe6 10. O-O Nf6 11. h3 h5 12. d5 Qd6 13. e5 1-0

[Event "Live Chess"]
[Site "Chess.com"]
[Date "2024.06.01"]
[Round "-"]
[White "Ninifu"]
[Black "gmnorfolk"]
[Result "0-1"]
[WhiteElo "2039"]
[BlackElo "2144"]
[TimeControl "300"]
[EndTime "10:28:14 PDT"]
[Termination "gmnorfolk won by resignation"]

1. d4 Nf6 2. c4 g6 3. Nc3 d5 4. Nf3 Bg7 5. cxd5 Nxd5 6. e4 Nxc3 7. bxc3 c5 8. Rb1 O-O 9. Be2 Nc6 10. d5 Ne5 11. Nxe5 Bxe5 12. Rb3 e6 13. c4 exd5 14. cxd5 f5 15. h4 fxe4 16. h5 Qf6 17. Be3 Bd4 18.
Qd2 Bf5 19. Rxb7 Bc3 0-1